Map: World of Sleepers LE

Players

NORTHAMERICA - Winner!

  • Race: Protoss Protoss
  • League: Grandmaster
  • Spawn Location: 1:00

IIIIIIIIIIII

  • Race: Zerg Zerg
  • League: Master
  • Spawn Location: 7:00

VOD

Have the link to the VOD?

Description

Time

  • Played on: Sept. 22, 2019, 3:44 a.m.
  • Length: 14:51
Show
View Real Time Build Order
Export as new Build Order

NORTHAMERICA Protoss - Winner!

Build Orders: 1 Gate Expand, Oracle Opening, Carriers 

Get SALT Encoding   

  12  0:01  Probe  
  13  0:13  Probe  
  14  0:21  Pylon  
  14  0:25  Probe  
  15  0:39  Probe (Chrono Boost)  
  15  0:40  Gateway  
  17  0:50  Probe (Chrono Boost), Assimilator  
  17  0:55  Probe (Chrono Boost)  
  18  1:05  Probe  
  19  1:18  Probe  
  20  1:25  Nexus  
  20  1:36  Cybernetics Core  
  20  1:38  Probe  
  21  1:44  Assimilator  
  21  1:50  Probe  
  21  1:53  Pylon  
  22  2:02  Probe  
  23  2:10  Adept (Chrono Boost)  
  23  2:14  Probe (Chrono Boost)  
  27  2:24  Stargate, Probe (Chrono Boost)  
  27  2:29  Probe (Chrono Boost)  
  27  2:32  Stalker (Chrono Boost)  
  30  2:38  Probe  
  30  2:40  Probe  
  30  2:41  Warp Gate  
  32  2:50  Probe  
  33  2:52  Probe  
  34  3:02  Probe  
  34  3:04  Probe  
  36  3:06  Oracle (Chrono Boost)  
  39  3:14  Probe  
  39  3:17  Probe  
  41  3:23  Gateway  
  41  3:26  Probe  
  42  3:29  Probe  
  42  3:30  Pylon  
  42  3:31  Assimilator  
  42  3:33  Assimilator  
  43  3:38  Probe  
  43  3:39  Stargate  
  43  3:41  Probe  
  45  3:44  Pylon  
  45  3:50  Probe  
  45  3:53  Pylon, Probe  
  47  4:00  Oracle (Chrono Boost)  
  50  4:02  Probe  
  50  4:05  Probe  
  52  4:12  Pylon  
  52  4:15  Probe  
  53  4:17  Probe  
  54  4:27  Probe  
  54  4:30  Pylon, Probe  
  54  4:31  Oracle (Chrono Boost)  
  59  4:33  Oracle (Chrono Boost)  
  59  4:37  Adept x2  
  66  4:39  Probe  
  66  4:42  Probe  
  68  4:46  Nexus  
  68  4:49  Pylon  
  68  4:55  Pylon  
  68  4:58  Probe  
  72  5:02  Oracle (Chrono Boost)  
  72  5:04  Oracle (Chrono Boost), Probe  
  76  5:08  Adept  
  76  5:10  Probe  
  79  5:16  Probe  
  79  5:20  Shield Battery  
  80  5:31  Shield Battery  
  80  5:33  Oracle (Chrono Boost)  
  86  5:40  Oracle (Chrono Boost)  
  86  5:43  Forge, Probe x2  
  86  5:44  Twilight Council  
  88  5:50  Gateway  
  88  5:52  Gateway  
  88  5:55  Robotics Facility  
  88  6:11  Void Ray  
  88  6:13  Charge (Chrono Boost), Protoss Ground Weapons Level 1 (Chrono Boost)  
  90  6:32  Gateway  
  86  6:36  Gateway  
  86  6:37  Gateway, Probe  
  86  6:38  Probe  
  86  6:39  Gateway  
  88  6:41  Photon Cannon  
  88  6:44  Photon Cannon  
  88  6:47  Probe  
  88  6:50  Templar Archives  
  88  6:52  Probe  
  88  6:53  Immortal (Chrono Boost)  
  90  6:54  Probe  
  90  6:57  Zealot x2  
  90  6:59  Probe  
  100  7:04  Probe  
  101  7:09  Probe  
  101  7:12  Assimilator  
  101  7:13  Probe  
  103  7:16  Assimilator  
  103  7:17  Pylon  
  103  7:18  Zealot  
  103  7:19  Zealot x2  
  109  7:26  Pylon  
  109  7:29  Psionic Storm  
  109  7:35  Observer (Chrono Boost)  
  110  7:38  Photon Cannon, Pylon  
  110  7:39  Pylon  
  110  7:40  Photon Cannon, Pylon  
  110  7:44  Photon Cannon  
  110  7:48  High Templar x2  
  110  7:50  Zealot x2  
  110  7:51  Zealot  
  120  7:54  Immortal (Chrono Boost)  
  124  8:03  Shield Battery  
  124  8:13  High Templar x2  
  124  8:17  Nexus  
  124  8:19  Pylon  
  128  8:21  High Templar  
  128  8:22  Zealot x2  
  128  8:23  Zealot  
  128  8:27  Warp Prism (Chrono Boost), Protoss Ground Weapons Level 2 (Chrono Boost)  
  138  8:41  Probe  
  138  8:42  Photon Cannon  
  138  8:43  Shield Battery  
  138  8:45  Probe  
  138  8:46  Unknown  
  138  8:48  High Templar x2  
  144  8:54  Pylon, Archon  
  144  8:55  Pylon, Zealot  
  144  8:58  Pylon  
  146  9:03  Zealot x3  
  152  9:11  Probe  
  152  9:16  Zealot x3  
  153  9:28  Zealot x5  
  163  9:34  Fleet Beacon  
  157  9:39  Zealot  
  156  9:46  Immortal (Chrono Boost)  
  139  9:53  Zealot x4  
  139  9:54  Zealot x2  
  141  10:04  High Templar x2  
  141  10:05  Pylon  
  145  10:16  Archon  
  145  10:20  High Templar x2  
  145  10:21  High Templar x3  
  145  10:29  Immortal (Chrono Boost)  
  149  10:39  Probe (Chrono Boost)  
  149  10:42  Mothership (Chrono Boost)  
  147  10:44  Carrier  
  149  10:52  Zealot x3  
  149  10:53  Zealot x4  
  163  10:58  Carrier  
  175  11:07  Observer (Chrono Boost)  
  174  11:24  Observer (Chrono Boost), Protoss Air Weapons Level 1  
  173  11:25  Zealot  
  173  11:26  Zealot x3  
  171  11:36  High Templar  
  165  11:40  Protoss Shields Level 1  
  151  11:50  Stargate  
  151  11:51  Pylon  
  151  11:53  Nexus  
  155  11:55  Pylon  
  155  11:56  Zealot x6  
  155  11:57  Zealot  
  169  12:01  Carrier (Chrono Boost)  
  169  12:14  Carrier (Chrono Boost)  
  169  12:15  Photon Cannon  
  175  12:16  Photon Cannon  
  175  12:22  Photon Cannon, High Templar  
  177  12:23  Shield Battery  
  177  12:26  Shield Battery  
  169  12:39  Carrier (Chrono Boost)  
  169  12:47  Unknown  
  169  12:48  High Templar x2  
  169  12:49  Pylon  
  171  12:53  Photon Cannon  
  171  12:54  Shield Battery, Carrier (Chrono Boost)  
  175  13:01  Probe  
  175  13:02  Archon  
  172  13:16  Zealot x2  
  172  13:17  Zealot x4  
  172  13:19  Carrier (Chrono Boost)  
  177  13:27  Probe x3  
  186  13:42  Zealot x4  
  186  13:43  Zealot x2  
  198  14:01  Zealot  
  198  14:02  Zealot x3  
  190  14:03  Zealot x3  
  179  14:32  Archon  
  179  14:34  Archon  
  177  14:46  High Templar  
  177  14:47  High Templar x4  
  187  14:48  Zealot x2  
Show
View Real Time Build Order
Export as new Build Order

IIIIIIIIIIII Zerg 

Build Orders: Hatch First 

Get SALT Encoding   

  12  0:00  Drone  
  13  0:12  Overlord  
  13  0:17  Drone  
  14  0:31  Drone x2  
  16  0:48  Hatchery  
  15  0:52  Drone  
  15  0:55  Drone  
  17  0:58  Drone  
  18  1:11  Extractor  
  17  1:16  Drone  
  17  1:18  Spawning Pool  
  17  1:20  Drone  
  18  1:28  Drone  
  19  1:40  Drone  
  20  1:49  Drone, Hatchery  
  20  2:00  Drone x2  
  22  2:06  Queen  
  24  2:14  Queen  
  26  2:19  Overlord  
  26  2:25  Metabolic Boost  
  26  2:28  Zergling x2  
  27  2:31  Zergling x2  
  28  2:40  Drone x3  
  28  2:43  Drone x2  
  33  2:49  Queen  
  35  2:54  Drone  
  36  3:06  Queen  
  36  3:07  Overlord  
  36  3:09  Drone x2  
  36  3:12  Drone x2  
  42  3:17  Overlord  
  42  3:27  Overlord  
  42  3:32  Overlord  
  42  3:34  Queen  
  42  3:36  Drone x4  
  48  3:45  Drone  
  48  3:46  Queen  
  51  3:49  Drone x3  
  51  3:51  Drone  
  51  3:55  Drone x3  
  57  4:01  Spore Crawler  
  57  4:03  Spore Crawler  
  57  4:07  Spore Crawler, Drone  
  57  4:09  Evolution Chamber  
  55  4:16  Drone x5  
  55  4:17  Drone x2  
  58  4:28  Drone x2  
  58  4:29  Drone x6  
  66  4:35  Extractor, Zerg Melee Weapons Level 1  
  65  4:39  Roach Warren, Drone  
  65  4:46  Drone x2, Extractor  
  65  4:48  Overlord x2  
  66  4:53  Lair  
  66  4:57  Overlord  
  66  5:02  Overlord  
  66  5:07  Drone x3  
  66  5:08  Drone  
  66  5:11  Drone x5  
  66  5:12  Drone x4  
  79  5:16  Extractor  
  79  5:17  Extractor  
  77  5:22  Roach  
  77  5:23  Roach x2  
  85  5:28  Roach x2  
  85  5:31  Roach x2  
  85  5:33  Roach x2  
  85  5:35  Overlord  
  95  5:36  Roach  
  95  5:39  Overlord  
  95  5:40  Drone  
  98  5:45  Overlord  
  98  5:53  Roach x3  
  98  5:55  Hatchery  
  98  5:56  Roach  
  105  5:59  Extractor  
  105  6:00  Drone x3  
  106  6:07  Spore Crawler  
  106  6:09  Spore Crawler x2  
  90  6:20  Drone x3  
  90  6:22  Spore Crawler  
  90  6:25  Drone x4  
  91  6:26  Drone  
  93  6:34  Spire  
  93  6:35  Drone x2  
  93  6:36  Drone x3  
  93  6:37  Drone  
  93  6:39  Drone  
  96  6:46  Drone x3  
  96  6:47  Drone x2  
  100  6:51  Zerg Melee Weapons Level 2  
  100  6:55  Drone  
  100  6:56  Drone  
  102  7:10  Hatchery  
  102  7:11  Queen  
  102  7:12  Queen  
  105  7:21  Unknown  
  105  7:22  Spore Crawler x2  
  102  7:26  Drone x3  
  105  7:30  Spore Crawler  
  105  7:32  Spore Crawler x2  
  103  7:38  Spore Crawler x2  
  103  7:39  Spore Crawler, Overlord  
  100  7:45  Overlord x2  
  100  7:53  Hatchery  
  100  7:56  Corruptor x3, Zerg Flyer Weapons Level 1  
  105  7:58  Corruptor  
  105  8:02  Corruptor  
  105  8:04  Corruptor  
  111  8:06  Drone  
  111  8:08  Drone  
  111  8:09  Drone  
  111  8:10  Drone  
  111  8:12  Drone x2  
  117  8:14  Drone  
  117  8:24  Baneling Nest, Drone  
  117  8:27  Drone x2  
  117  8:28  Drone x3  
  117  8:30  Drone  
  117  8:31  Drone  
  117  8:32  Spore Crawler  
  123  8:36  Spore Crawler  
  122  8:44  Zergling x4  
  122  8:46  Glial Reconstitution, Zergling x6  
  127  8:49  Corruptor  
  127  8:51  Zergling x6  
  127  8:52  Zergling x2  
  133  9:01  Overlord x4  
  133  9:07  Zergling x4, Unknown  
  133  9:12  Zergling x4  
  133  9:13  Ravager x2  
  133  9:14  Ravager x8  
  133  9:15  Zergling x8  
  133  9:16  Zergling x6  
  149  9:22  Centrifical Hooks  
  148  9:25  Zergling x4  
  148  9:26  Baneling  
  148  9:27  Baneling x8  
  145  9:39  Drone  
  145  9:40  Drone x4  
  149  9:46  Zergling x6  
  149  9:49  Zergling x10  
  135  9:52  Zergling x4  
  129  10:07  Baneling x2, Hatchery  
  129  10:08  Baneling x3, Zergling x6  
  129  10:09  Zergling x2  
  129  10:10  Zergling x2  
  129  10:12  Zergling x2  
  129  10:13  Zergling x2  
  127  10:23  Drone x2  
  127  10:26  Zerg Flyer Weapons Level 2  
  129  10:33  Zergling x12  
  135  10:42  Zergling x2  
  136  10:44  Zergling x4  
  136  10:58  Zergling x12  
  136  10:59  Zerg Ground Armor Level 1  
  142  11:04  Hatchery  
  142  11:07  Zergling x4  
  143  11:13  Corruptor  
  143  11:16  Zergling x4  
  146  11:23  Zergling x4  
  148  11:28  Queen  
  148  11:31  Zergling x10  
  146  11:45  Drone x3  
  144  11:48  Baneling  
  144  11:49  Baneling x13  
  144  11:50  Baneling x9  
  144  11:51  Zergling x8  
  144  11:53  Zergling x4, Ravager x2  
  144  11:54  Zergling x2, Hatchery  
  153  11:55  Unknown  
  153  11:59  Zergling x6  
  154  12:03  Overlord  
  154  12:09  Overlord  
  154  12:14  Overlord x2  
  146  12:32  Zergling x8  
  146  12:33  Zergling x10  
  146  12:35  Overlord  
  152  12:39  Queen  
  152  12:42  Zergling x4  
  153  12:54  Zergling x10  
  153  12:55  Zerg Flyer Armor Level 1  
  153  12:56  Zergling x6  
  159  13:06  Drone x2  
  159  13:08  Zergling x6  
  161  13:19  Zergling x4  
  147  13:25  Overseer  
  147  13:26  Zergling x14  
  147  13:27  Zergling x4  
  153  13:29  Baneling x5  
  153  13:32  Zergling x6  
  153  13:33  Zergling x2  
  151  13:41  Drone  
  151  13:42  Drone x2  
  151  13:43  Zergling x6  
  157  13:48  Zergling x2  
  157  13:49  Zergling x8  
  157  13:52  Zergling x2  
  157  13:53  Zergling x2  
  164  13:56  Corruptor x2  
  164  13:58  Corruptor  
  164  13:59  Corruptor  
  172  14:03  Corruptor x3  
  172  14:04  Overseer  
  172  14:05  Overseer  
  172  14:09  Corruptor  
  178  14:10  Corruptor  
  178  14:14  Corruptor x3  
  174  14:19  Baneling x2  
  174  14:20  Corruptor, Baneling x3  
  172  14:30  Zergling x2  
Tags
 
Add a new tag
Caveats
  • Supply blocks, unpowered buildings, or Contaminate may cause inaccurate times.
  • Supply counts are checked every 10 seconds.